cohdb
Replays
Latest Replays
All Replays
Popular Replays
Top Player Replays
Match Explorer
How It Works
Community
CoH3 Stats
Reddit
Sign in to upload your games and track your stats! →
Sign in with Steam
Match 42678571
Unlisted
Match 42678571
Overview
Messages
Build Orders
End
Construct Infanterie Kompanie
Selects Italian Coastal Battlegroup
Selects Coastal Reserves
Coastal Reserve
MG 42 Machine Gun Team
GrW 34 Mortar Team
MG 42 Bunker
MG 42 Bunker
MG 42 Machine Gun Team
Construct Luftwaffe Kompanie
Medical Bunker
MG 42 Bunker
Selects Support Bunkers
Selects Designated Artillery Overwatch
Coastal Reserve
MG 42 Bunker
Support Elements
Wirbelwind Flakpanzer
158212752
Valar[M]orgHulis
^kuku
Malegan
Tradies Get Ladies
Fonix555
幽魂
jamesc2000
0
0
Comments
sign in to comment!
No comments posted yet!